[ AOE2 MATCH · #478464509 ]
UnrankedLithuanians vs Burgundians
[ REPLAY ANALYSIS · EXTRACTED FROM THE RECORDED GAME ]
Feudal
11:48
Castle
22:07
Imperial
—
| APM avg | 31.2 |
| APM peak | 67 |
| eAPM avg | 14.1 |
| Villagers / military | 69 / 76 |
Focus
⚔️ 43.3% · 🌾 56.7%
Knight ×39 · Leitis ×11 · Fishing Ship ×9 · Scout Cavalry ×8 · Monk ×6 · Battering Ram ×6
Feudal
9:28
Castle
22:29
Imperial
38:50
| APM avg | 34.7 |
| APM peak | 75 |
| eAPM avg | 19.3 |
| Villagers / military | 107 / 67 |
Focus
⚔️ 26.1% · 🌾 73.9%
Knight ×33 · Archer ×11 · Scout Cavalry ×9 · Spearman ×6 · Monk ×5 · Fishing Ship ×4
Match map
Initial resources + every placement click. Lines = walls · curves = elevation contours. ◆ gold · ⬟ stone · ● berries · ✦ relic · ◌ wall gap
Your base· Open — opponent sealed themselves in
Revirado17's base· ✓ Closed at 22:29 · 17t walls · no gate
Smoothed initial terrain · ◌ = detected wall gap · hover for details
Inputs per minute
— JefferyCZ - - Revirado17
Build order — JefferyCZ
First 150 of 220 actions detected
| 0:00 | Create | Villager (Male) ×5 |
| 0:00 | Create | Villager (Male) |
| 0:01 | Create | Villager (Male) |
| 0:02 | Build | House |
| 0:04 | Build | House |
| 1:27 | Build | Lumber Camp |
| 1:35 | Create | Villager (Male) |
| 2:10 | Create | Villager (Male) |
| 2:41 | Create | Villager (Male) |
| 3:05 | Create | Villager (Male) |
| 3:22 | Create | Villager (Male) |
| 3:37 | Build | Palisade Wall |
| 3:41 | Build | Palisade Wall |
| 3:42 | Build | Palisade Wall |
| 3:52 | Build | House |
| 3:53 | Build | Palisade Wall |
| 3:59 | Create | Villager (Male) |
| 4:40 | Create | Villager (Male) |
| 4:40 | Create | Villager (Male) |
| 4:47 | Build | Dock |
| 5:27 | Create | Villager (Male) |
| 5:27 | Create | Villager (Male) |
| 5:28 | Create | Villager (Male) |
| 5:38 | Build | House |
| 5:53 | Build | House |
| 5:55 | Create | Fishing Ship |
| 6:34 | Create | Villager (Male) |
| 7:04 | Create | Fishing Ship |
| 7:06 | Create | Villager (Male) |
| 7:19 | Build | House |
| 7:31 | Create | Villager (Male) |
| 7:32 | Create | Villager (Male) |
| 7:41 | Build | Dock |
| 8:04 | Research | Loom |
| 8:15 | Create | Fishing Ship |
| 8:48 | Create | Fishing Ship |
| 8:51 | Create | Villager (Male) |
| 9:08 | Create | Fishing Ship |
| 9:09 | Create | Fishing Ship |
| 9:38 | Research | Feudal Age |
| 9:49 | Build | Mill |
| 9:59 | Create | Fishing Ship |
| 10:05 | Build | House |
| 11:01 | Create | Villager (Male) |
| 11:01 | Create | Villager (Male) |
| 11:25 | Build | Barracks |
| 11:29 | Create | Villager (Male) |
| 11:48 | Age | Feudal Age |
| 12:08 | Build | Stable |
| 12:14 | Build | Mill |
| 12:19 | Research | Double-Bit Axe |
| 12:19 | Create | Villager (Male) |
| 12:59 | Create | Villager (Male) |
| 13:05 | Create | Scout Cavalry |
| 13:06 | Create | Scout Cavalry |
| 13:11 | Build | Archery Range |
| 13:18 | Create | Villager (Male) |
| 14:02 | Build | House |
| 14:11 | Build | Farm |
| 14:11 | Build | Farm |
| 14:11 | Build | Farm |
| 14:12 | Build | Farm |
| 14:12 | Build | Farm |
| 14:12 | Build | Farm |
| 14:12 | Build | Farm |
| 14:17 | Build | House |
| 14:30 | Create | Villager (Male) |
| 14:32 | Build | Farm |
| 14:46 | Create | Scout Cavalry |
| 14:49 | Build | Farm |
| 14:51 | Build | Farm |
| 15:13 | Build | House |
| 15:14 | Build | House |
| 15:18 | Create | Villager (Male) |
| 15:21 | Create | Skirmisher |
| 15:21 | Create | Skirmisher |
| 15:35 | Build | House |
| 15:37 | Build | Palisade Wall |
| 15:42 | Build | Palisade Wall |
| 16:10 | Create | Villager (Male) |
| 16:15 | Build | Farm |
| 16:16 | Build | Farm |
| 16:32 | Create | Scout Cavalry |
| 16:32 | Create | Scout Cavalry |
| 16:33 | Create | Skirmisher |
| 16:33 | Create | Skirmisher |
| 16:36 | Build | Blacksmith |
| 16:37 | Create | Villager (Male) |
| 17:12 | Build | Farm |
| 17:14 | Build | Farm |
| 17:15 | Create | Villager (Male) |
| 17:16 | Create | Scout Cavalry |
| 17:36 | Research | Scale Barding Armor |
| 17:38 | Build | House |
| 17:39 | Create | Villager (Male) |
| 17:47 | Build | Farm |
| 17:52 | Build | Market |
| 17:54 | Build | House |
| 17:55 | Build | House |
| 18:00 | Create | Scout Cavalry |
| 18:19 | Build | House |
| 18:22 | Research | Forging |
| 18:58 | Create | Villager (Male) |
| 19:00 | Build | Farm |
| 19:27 | Research | Castle Age |
| 20:16 | Create | Villager (Male) |
| 20:17 | Create | Villager (Male) |
| 20:23 | Build | Stable |
| 20:47 | Build | Mining Camp |
| 21:03 | Research | Bloodlines |
| 21:21 | Research | Tech 906 |
| 21:23 | Create | Fishing Ship |
| 21:23 | Create | Fishing Ship |
| 21:27 | Build | House |
| 21:28 | Build | House |
| 21:31 | Create | Villager (Male) |
| 22:00 | Research | Gold Mining |
| 22:07 | Age | Castle Age |
| 22:10 | Create | Knight |
| 22:10 | Create | Knight |
| 22:13 | Research | Chain Barding Armor |
| 22:17 | Build | Siege Workshop |
| 22:24 | Create | Villager (Male) |
| 22:24 | Create | Villager (Male) |
| 22:42 | Build | Farm |
| 22:56 | Build | Lumber Camp |
| 23:05 | Research | Horse Collar |
| 23:15 | Create | Knight |
| 23:36 | Create | Knight |
| 23:36 | Create | Knight |
| 23:42 | Create | Villager (Male) |
| 23:42 | Create | Villager (Male) |
| 24:01 | Build | Monastery |
| 24:04 | Create | Knight |
| 24:04 | Create | Knight |
| 24:06 | Build | Farm |
| 24:07 | Build | Farm |
| 24:20 | Create | Mangonel |
| 24:35 | Create | Knight |
| 24:35 | Create | Knight |
| 24:37 | Create | Villager (Male) |
| 24:37 | Create | Villager (Male) |
| 24:37 | Create | Villager (Male) |
| 25:14 | Create | Monk |
| 25:15 | Create | Monk |
| 25:19 | Create | Knight |
| 25:32 | Research | Husbandry |
| 25:37 | Build | Farm |
| 25:50 | Build | Town Center |
| 25:57 | Create | Monk |
Build order — Revirado17
First 150 of 313 actions detected
| 0:01 | Create | Villager (Male) |
| 0:02 | Build | House |
| 0:03 | Build | House |
| 0:09 | Create | Villager (Male) |
| 0:09 | Create | Villager (Male) |
| 0:09 | Create | Villager (Male) |
| 1:24 | Create | Villager (Male) |
| 1:57 | Build | Lumber Camp |
| 1:59 | Create | Villager (Male) |
| 2:16 | Create | Villager (Male) |
| 2:49 | Create | Villager (Male) |
| 3:02 | Create | Villager (Male) |
| 3:35 | Create | Villager (Male) |
| 3:50 | Build | House |
| 4:20 | Create | Villager (Male) |
| 4:24 | Create | Villager (Male) |
| 4:31 | Build | Palisade Wall |
| 4:40 | Create | Villager (Male) |
| 5:32 | Create | Villager (Male) |
| 5:41 | Build | Mill |
| 6:01 | Create | Villager (Male) |
| 6:22 | Create | Villager (Male) |
| 6:33 | Build | House |
| 6:53 | Research | Loom |
| 7:18 | Research | Feudal Age |
| 7:29 | Research | Double-Bit Axe |
| 7:37 | Build | House |
| 7:41 | Build | Palisade Wall |
| 8:36 | Build | Dock |
| 8:47 | Build | Barracks |
| 9:28 | Age | Feudal Age |
| 9:31 | Create | Villager (Male) |
| 9:36 | Create | Fishing Ship |
| 9:37 | Create | Fishing Ship |
| 9:46 | Research | Bow Saw |
| 9:49 | Build | Archery Range |
| 9:52 | Create | Villager (Male) |
| 10:22 | Create | Fishing Ship |
| 10:29 | Create | Villager (Male) |
| 10:32 | Create | Archer |
| 10:39 | Create | Villager (Male) |
| 10:42 | Create | Spearman |
| 11:02 | Create | Skirmisher |
| 11:14 | Build | Mill |
| 11:17 | Create | Villager (Male) |
| 11:24 | Build | House |
| 11:25 | Build | Palisade Wall |
| 11:40 | Create | Archer |
| 11:53 | Create | Villager (Male) |
| 12:05 | Build | Blacksmith |
| 12:07 | Create | Villager (Male) |
| 12:19 | Create | Archer |
| 12:20 | Create | Fishing Ship |
| 12:29 | Build | House |
| 13:04 | Create | Archer |
| 13:12 | Create | Villager (Male) |
| 13:16 | Build | House |
| 13:24 | Research | Tech 906 |
| 13:28 | Build | Farm |
| 13:29 | Build | Farm |
| 13:30 | Build | Farm |
| 13:32 | Research | Horse Collar |
| 13:35 | Create | Villager (Male) |
| 14:05 | Research | Fletching |
| 14:16 | Build | Farm |
| 14:16 | Build | Farm |
| 14:17 | Build | Farm |
| 14:18 | Build | Farm |
| 14:20 | Build | Farm |
| 14:31 | Create | Villager (Male) |
| 14:46 | Create | Archer |
| 14:48 | Create | Villager (Male) |
| 14:54 | Build | Farm |
| 14:55 | Build | Farm |
| 15:12 | Build | House |
| 15:13 | Build | House |
| 15:15 | Build | Palisade Wall |
| 15:17 | Create | Villager (Male) |
| 15:27 | Create | Archer |
| 15:44 | Build | Lumber Camp |
| 15:47 | Research | Wheelbarrow |
| 15:50 | Create | Archer |
| 16:26 | Create | Archer |
| 16:28 | Create | Villager (Male) |
| 16:31 | Build | Farm |
| 16:46 | Create | Archer |
| 16:48 | Create | Villager (Male) |
| 16:53 | Build | Farm |
| 17:01 | Build | House |
| 17:03 | Build | Palisade Wall |
| 17:14 | Create | Archer |
| 17:27 | Build | House |
| 17:28 | Build | House |
| 17:35 | Build | Lumber Camp |
| 17:35 | Create | Villager (Male) |
| 17:38 | Build | House |
| 17:42 | Build | Farm |
| 17:43 | Build | Farm |
| 17:44 | Build | Farm |
| 17:50 | Create | Archer |
| 18:04 | Build | Farm |
| 18:11 | Build | Palisade Wall |
| 18:26 | Create | Villager (Male) |
| 18:46 | Create | Villager (Male) |
| 18:50 | Build | Blacksmith |
| 19:20 | Create | Villager (Male) |
| 19:36 | Build | Mining Camp |
| 19:49 | Research | Castle Age |
| 20:36 | Build | Stable |
| 20:49 | Build | Stable |
| 20:59 | Build | Palisade Wall |
| 21:03 | Research | Gold Mining |
| 21:12 | Research | Gillnets |
| 21:18 | Create | Villager (Male) |
| 21:21 | Research | Scale Barding Armor |
| 21:27 | Build | House |
| 21:29 | Build | House |
| 21:31 | Build | House |
| 21:49 | Build | Stable |
| 21:59 | Research | Forging |
| 22:29 | Age | Castle Age |
| 22:30 | Build | House |
| 22:32 | Create | Knight |
| 22:33 | Create | Knight |
| 22:38 | Research | Cavalier (upgrade) |
| 22:57 | Build | Monastery |
| 23:00 | Create | Villager (Male) |
| 23:20 | Build | Palisade Gate |
| 23:24 | Create | Knight |
| 23:24 | Create | Villager (Male) |
| 23:28 | Create | Monk |
| 23:37 | Research | Husbandry |
| 23:38 | Create | Knight |
| 23:39 | Create | Villager (Male) |
| 23:54 | Research | Iron Casting |
| 23:57 | Create | Villager (Male) |
| 24:09 | Create | Knight |
| 24:15 | Create | Knight |
| 24:16 | Create | Villager (Male) |
| 24:34 | Create | Villager (Male) |
| 24:39 | Build | Town Center |
| 24:58 | Create | Knight |
| 25:04 | Create | Knight |
| 25:05 | Create | Villager (Male) |
| 25:08 | Create | Monk |
| 25:19 | Create | Villager (Male) |
| 25:29 | Create | Villager (Male) |
| 25:34 | Build | Farm |
| 25:36 | Create | Knight |
| 25:36 | Create | Knight |
Match timeline
| 3:37 | JefferyCZ · wall_segment Palisade Wall x1 |
| 3:41 | JefferyCZ · wall_segment Palisade Wall x1 |
| 3:42 | JefferyCZ · wall_segment Palisade Wall x1 |
| 3:53 | JefferyCZ · wall_segment Palisade Wall x1 |
| 4:31 | Revirado17 · wall_segment Palisade Wall x1 |
| 4:47 | JefferyCZ · first_building Dock |
| 7:41 | Revirado17 · wall_segment Palisade Wall x8 |
| 8:36 | Revirado17 · first_building Dock |
| 8:47 | Revirado17 · first_building Barracks |
| 9:28 | Revirado17 · age_up feudal |
| 9:49 | Revirado17 · first_building Archery Range |
| 11:25 | JefferyCZ · first_building Barracks |
| 11:25 | Revirado17 · wall_segment Palisade Wall x1 |
| 11:48 | JefferyCZ · age_up feudal |
| 12:08 | JefferyCZ · first_building Stable |
| 13:11 | JefferyCZ · first_building Archery Range |
| 15:15 | Revirado17 · wall_segment Palisade Wall x3 |
| 15:37 | JefferyCZ · wall_segment Palisade Wall x1 |
| 15:42 | JefferyCZ · wall_segment Palisade Wall x1 |
| 17:03 | Revirado17 · wall_segment Palisade Wall x2 |
| 18:11 | Revirado17 · wall_segment Palisade Wall x1 |
| 19:05 | JefferyCZ · first_market_buy 100 food |
| 19:09 | JefferyCZ · first_market_sell 100 wood |
| 20:36 | Revirado17 · first_building Stable |
| 20:59 | Revirado17 · wall_segment Palisade Wall x1 |
| 22:07 | JefferyCZ · age_up castle |
| 22:17 | JefferyCZ · first_building Siege Workshop |
| 22:29 | Revirado17 · age_up castle |
| 22:57 | Revirado17 · first_building Monastery |
| 24:01 | JefferyCZ · first_building Monastery |
| 31:40 | JefferyCZ · first_building Castle |
| 38:50 | Revirado17 · age_up imperial |
| 39:02 | Revirado17 · first_building Castle |
| 41:55 | JefferyCZ · resign |
[ AI ANALYSIS · 1 CREDIT ]
What really happened in this match?
Wolo.gg analyzes every decision: build order, eco, micro, common mistakes by bracket. Personalized analysis on WhatsApp or Discord in 30 seconds.
Civ guide
Lithuanians
Perfil
Jugador #16832321